Map: Winter's Gate LE

Players

Mez - Winner!

  • Race: Terran Terran
  • League: Master
  • Spawn Location: 5:00

LadyKiller

  • Race: Protoss Protoss
  • League: Master
  • Spawn Location: 11:00

VOD

Have the link to the VOD?

Description

Time

  • Played on: Aug. 25, 2019, 2:52 p.m.
  • Length: 20:24
Show
View Real Time Build Order
Export as new Build Order

Mez Terran - Winner!

Build Orders: Reaper Expand 

Get SALT Encoding   

  12  0:01  SCV  
  13  0:13  SCV  
  14  0:18  Supply Depot  
  14  0:25  SCV  
  15  0:40  SCV  
  15  0:41  Barracks  
  16  0:45  Refinery  
  16  0:52  SCV  
  17  1:05  SCV  
  18  1:17  SCV  
  19  1:29  Orbital Command, Reaper  
  20  1:42  Command Center  
  20  1:49  Bunker  
  20  1:56  Supply Depot  
  20  1:58  SCV  
  21  2:01  Marine  
  22  2:10  SCV  
  23  2:22  Barracks Reactor  
  23  2:23  SCV  
  24  2:31  Command Center  
  25  2:37  SCV  
  25  2:43  Refinery  
  25  2:49  SCV  
  26  2:59  Marine x2  
  26  3:01  Factory  
  26  3:03  Orbital Command  
  28  3:08  SCV  
  29  3:16  Marine  
  29  3:17  Marine  
  31  3:20  SCV  
  32  3:31  SCV  
  32  3:34  Marine x2  
  32  3:37  SCV  
  35  3:43  SCV  
  35  3:44  Orbital Command  
  35  3:46  Widow Mine  
  38  3:49  Starport  
  38  3:51  SCV  
  38  4:02  Marine  
  38  4:03  SCV, Marine  
  38  4:08  Factory Tech Lab  
  41  4:14  SCV x2  
  41  4:15  SCV  
  44  4:20  Marine x2  
  44  4:22  Barracks  
  46  4:25  Barracks  
  46  4:27  Starport Tech Lab  
  46  4:28  Siege Tank  
  49  4:32  SCV  
  49  4:33  SCV x2  
  49  4:37  Supply Depot  
  52  4:40  Refinery  
  52  4:43  Marine x2  
  54  4:46  Refinery  
  54  4:51  Supply Depot  
  55  4:52  SCV  
  55  4:53  SCV x2  
  55  4:55  Raven  
  59  5:05  Supply Depot, SCV  
  59  5:09  SCV x2  
  59  5:10  Barracks Tech Lab  
  61  5:17  Orbital Command, SCV  
  61  5:21  SCV  
  64  5:24  Supply Depot, Factory Reactor, Engineering Bay  
  64  5:25  Engineering Bay  
  64  5:28  Stimpack  
  63  5:31  Marine x2  
  63  5:33  Marauder x2, Combat Shield  
  69  5:38  SCV x2  
  67  5:51  SCV  
  67  5:52  SCV x2  
  67  5:55  Marine x2  
  72  6:02  Marine x2  
  72  6:03  SCV  
  72  6:04  SCV  
  72  6:06  Terran Infantry Armor Level 1, Terran Infantry Weapons Level 1  
  72  6:09  Barracks x2  
  70  6:13  SCV, Marine  
  70  6:15  Missile Turret  
  70  6:16  SCV  
  73  6:19  Missile Turret  
  73  6:20  Widow Mine  
  73  6:21  Widow Mine  
  73  6:24  Marauder x2, Marine  
  82  6:27  SCV x2  
  82  6:31  Starport Reactor  
  84  6:36  Supply Depot  
  84  6:37  Supply Depot  
  84  6:38  Marine  
  85  6:41  SCV  
  85  6:42  Marine, SCV x2  
  85  6:45  Refinery  
  85  6:46  Widow Mine, Marauder  
  93  6:58  Widow Mine, SCV x3  
  93  7:00  Supply Depot x2  
  98  7:02  Barracks Reactor  
  98  7:03  Barracks Tech Lab, Refinery  
  98  7:23  Medivac x2  
  98  7:24  Marauder x3, Marine x2  
  98  7:26  SCV x2  
  112  7:32  Missile Turret  
  112  7:34  SCV  
  113  7:38  SCV  
  113  7:39  Armory, Marine x2  
  116  7:47  Command Center  
  116  7:48  Marine  
  116  7:49  Marauder x3, Marine  
  116  7:50  Widow Mine  
  125  7:52  Supply Depot x2  
  125  8:08  Marine  
  125  8:12  Barracks  
  125  8:13  Medivac x2, Barracks, Marine x2  
  125  8:14  Marauder x2, Marine  
  125  8:16  Barracks  
  119  8:40  Marauder x3, Marine x4  
  99  8:50  Widow Mine  
  99  8:51  Widow Mine, Medivac x2  
  99  8:54  Starport  
  102  8:57  Marine  
  102  8:58  Marine  
  102  8:59  Terran Infantry Weapons Level 2  
  102  9:00  Terran Infantry Armor Level 2  
  102  9:01  Marauder x2  
  102  9:02  Marauder  
  110  9:03  Ghost Academy  
  110  9:10  Barracks Tech Lab x2  
  110  9:16  Marine  
  110  9:17  Marine x3  
  111  9:20  Terran Ship Weapons Level 1  
  111  9:22  Marine  
  111  9:23  Marauder, Marine  
  118  9:26  Medivac x2  
  118  9:29  Missile Turret  
  122  9:34  Starport Tech Lab  
  122  9:35  Enhanced Shockwaves  
  122  9:41  Supply Depot  
  118  9:48  Supply Depot  
  118  9:52  Marauder x2  
  109  9:53  Marauder, Marine x2  
  109  9:54  Marauder x2  
  109  9:59  Medivac x3  
  111  10:05  Ghost  
  108  10:11  Marine  
  108  10:12  Ghost x2  
  109  10:15  Marauder x2  
  109  10:20  Widow Mine x2  
  113  10:21  Marauder, Marine x2  
  98  10:36  Marauder x3, Marine x2  
  98  10:39  Marine x2  
  98  10:49  Marauder  
  95  10:50  Marauder x2  
  95  10:54  Marine x2  
  95  10:57  Marine x3  
  90  10:58  Marauder x2  
  90  10:59  Planetary Fortress  
  97  11:10  Marine  
  97  11:11  Marauder, Marine  
  101  11:13  SCV x3  
  104  11:19  Refinery  
  104  11:24  Starport  
  104  11:25  SCV x3, Fusion Core  
  104  11:26  Marauder x3, Marine x2  
  104  11:28  Medivac x3  
  111  11:38  Marine  
  111  11:39  Marauder x2  
  106  11:43  Marauder, Marine  
  106  11:44  SCV  
  97  11:47  Marauder  
  97  11:48  Marauder  
  97  11:51  Marine x3  
  97  11:53  Widow Mine  
  98  11:56  Marine  
  98  11:58  Medivac x3, SCV  
  98  11:59  SCV x3  
  98  12:00  Marine x2  
  98  12:01  Marine  
  102  12:04  Marine  
  103  12:10  SCV, Marine  
  103  12:11  SCV  
  103  12:12  Widow Mine  
  103  12:15  Widow Mine  
  107  12:18  Orbital Command  
  98  12:25  Ghost x4  
  98  12:28  Marine x2  
  98  12:29  Marine  
  104  12:32  Marine  
  104  12:39  Marine x2  
  104  12:43  Concussive Shells  
  106  12:44  SCV  
  106  12:46  Marine x2  
  109  12:54  Refinery, SCV x3  
  109  12:56  SCV  
  107  13:16  SCV x3  
  107  13:19  SCV  
  111  13:21  Terran Infantry Weapons Level 3  
  111  13:25  Widow Mine x2  
  115  13:27  Starport Tech Lab  
  115  13:28  SCV x3  
  115  13:31  Starport Reactor  
  118  13:34  Marine x6  
  118  13:35  Marine x2  
  127  13:41  SCV x4  
  130  13:53  SCV  
  119  14:05  Marauder x3, Marine x7  
  132  14:22  Marine  
  133  14:26  Command Center  
  133  14:38  Marine  
  133  15:05  Liberator  
  133  15:19  Supply Depot  
  133  15:20  Supply Depot x2, Liberator  
  133  15:21  Supply Depot, Marine  
  133  15:22  Supply Depot, Marine x5  
  141  15:30  Marine  
  141  15:37  Marauder x2, Medivac x3, Marine  
  141  15:39  Marine  
  141  15:40  Marine  
  141  15:41  Marauder  
  159  15:44  Sensor Tower, Command Center  
  159  15:48  Marauder  
  161  15:55  Ghost  
  163  15:57  Ghost  
  163  15:58  Ghost  
  163  16:03  Planetary Fortress  
  167  16:18  Missile Turret  
  141  16:34  Marauder x3, Marine x7  
  141  16:38  Liberator  
  104  16:48  Hellion  
  104  16:51  Marine  
  104  16:52  Marine x6  
  113  16:55  Marine  
  117  17:03  Marauder x2  
  121  17:09  Marine  
  117  17:20  Marauder x4, Marine  
  126  17:24  Marauder  
  128  17:34  Viking x3  
  134  17:41  Refinery  
  131  17:45  Marauder x2, Marine  
  136  18:04  Sensor Tower  
  136  18:10  Marauder x5, Marine x2  
  145  18:29  Marine  
  145  18:30  Marauder  
  147  18:34  Planetary Fortress  
  147  18:37  Liberator x2  
  147  18:38  Marauder x4, Marine x4  
  159  18:51  Marauder  
  165  18:57  Marauder  
  167  19:10  Refinery  
  167  19:16  Refinery  
  167  19:17  Refinery  
  167  19:21  Viking  
  167  19:22  Viking x2  
  173  19:24  Ghost  
  173  19:53  Marauder x4, Marine  
Show
View Real Time Build Order
Export as new Build Order

LadyKiller Protoss 

Build Orders: 1 Gate Expand, Phoenix Opening 

Get SALT Encoding   

  12  0:01  Probe  
  13  0:13  Probe  
  14  0:18  Pylon  
  14  0:25  Probe  
  15  0:34  Probe  
  15  0:39  Gateway  
  16  0:43  Probe  
  16  0:45  Assimilator  
  17  0:51  Probe  
  18  1:03  Probe  
  19  1:15  Probe  
  20  1:26  Nexus  
  20  1:38  Cybernetics Core  
  20  1:40  Probe  
  20  1:45  Assimilator  
  21  1:52  Probe  
  22  1:56  Pylon  
  22  2:04  Probe  
  22  2:07  Adept  
  25  2:17  Probe  
  25  2:20  Stargate  
  26  2:26  Warp Gate, Probe  
  27  2:34  Probe  
  27  2:36  Probe  
  27  2:43  Probe  
  29  2:44  Probe  
  31  2:55  Probe  
  32  2:59  Probe  
  32  3:03  Phoenix  
  35  3:06  Pylon  
  35  3:07  Probe  
  35  3:11  Probe  
  37  3:19  Probe  
  38  3:23  Probe  
  39  3:30  Gateway  
  39  3:31  Probe, Phoenix  
  39  3:32  Gateway  
  42  3:36  Probe  
  43  3:43  Pylon, Probe  
  43  3:44  Pylon  
  43  3:48  Probe  
  45  3:55  Probe  
  45  4:02  Phoenix  
  46  4:03  Probe  
  46  4:08  Probe  
  48  4:15  Pylon, Probe  
  49  4:17  Nexus  
  49  4:21  Probe  
  49  4:23  Robotics Facility  
  50  4:27  Probe, Phoenix  
  53  4:33  Forge  
  53  4:34  Twilight Council  
  53  4:37  Assimilator  
  53  4:39  Assimilator  
  53  4:40  Protoss Ground Armor Level 1, Probe  
  53  4:41  Pylon  
  53  4:44  Charge  
  53  4:45  Probe  
  55  4:52  Probe, Phoenix  
  58  5:01  Probe  
  58  5:04  Probe  
  60  5:13  Probe  
  61  5:17  Probe  
  62  5:21  Gateway  
  62  5:22  Gateway  
  62  5:25  Gateway, Probe  
  62  5:26  Gateway  
  63  5:28  Gateway  
  63  5:33  Templar Archives  
  63  5:38  Robotics Facility  
  63  5:40  Probe  
  62  5:51  Phoenix  
  62  5:54  Psionic Storm  
  62  5:55  Probe  
  61  6:14  Probe x2  
  61  6:15  Probe  
  61  6:16  Phoenix, Assimilator  
  66  6:18  Protoss Ground Weapons Level 1  
  66  6:20  Zealot x2, Assimilator  
  66  6:21  Pylon, Zealot x5  
  80  6:26  Probe  
  80  6:27  Probe x2  
  80  6:30  Forge  
  83  6:39  Probe x3  
  86  6:41  Phoenix  
  88  6:48  Stalker x3  
  88  6:51  Probe  
  88  6:52  Protoss Ground Armor Level 2  
  88  6:53  Probe x2  
  97  7:03  Probe  
  97  7:05  High Templar  
  100  7:10  Nexus  
  100  7:13  Pylon  
  100  7:16  Pylon  
  100  7:24  Pylon  
  100  7:28  Probe  
  101  7:32  High Templar x3  
  101  7:33  Pylon, Zealot x2  
  101  7:34  Zealot x2  
  101  7:35  Pylon  
  115  7:38  Observer  
  115  7:43  Pylon  
  115  7:44  Phoenix  
  115  7:51  Probe x3  
  118  7:56  Photon Cannon  
  118  7:57  Stalker x3  
  125  7:58  Pylon  
  125  8:02  Pylon  
  125  8:03  Probe x3  
  125  8:04  Pylon  
  127  8:14  Stalker x5  
  100  8:43  Warp Prism  
  100  8:44  Stalker x8  
  100  8:46  Probe  
  100  8:47  Gateway  
  105  8:49  Gateway  
  105  8:52  Gateway x2  
  97  8:59  Probe  
  101  9:08  High Templar x3  
  101  9:09  Zealot, High Templar  
  108  9:10  Zealot x3  
  114  9:33  Zealot x4  
  122  9:40  Stalker  
  122  9:41  Stalker x2  
  122  9:42  Stalker  
  116  9:57  Stalker x8  
  116  9:59  Warp Prism  
  124  10:07  Archon x2  
  102  10:36  Probe  
  101  10:46  Protoss Ground Armor Level 3, Protoss Ground Weapons Level 2, Stalker  
  101  10:47  Stalker x9  
  101  10:48  Stalker x2  
  103  11:10  High Templar x2  
  107  11:11  Zealot x3  
  107  11:12  Zealot x7  
  107  11:18  Archon  
  119  11:36  Zealot x4  
  119  11:37  Zealot x6  
  109  12:01  Zealot x12  
  113  12:21  Stalker x7  
  113  12:22  Stalker x5  
  111  12:36  Observer  
  105  12:44  Zealot x6  
  105  12:45  Zealot x6  
  129  12:54  Blink  
  111  13:15  Zealot x12  
  135  13:21  Assimilator  
  135  13:25  Assimilator  
  135  13:27  Pylon  
  135  13:42  High Templar x3  
  135  13:43  Zealot x2, High Templar x2  
  135  13:44  Protoss Ground Weapons Level 3, Zealot x5  
  159  13:53  Protoss Shields Level 1  
  137  14:05  Zealot x6  
  137  14:06  Zealot  
  141  14:10  Archon x2  
  141  14:21  Immortal  
  145  14:31  Probe  
  146  14:36  Robotics Facility  
  146  14:37  Robotics Bay  
  146  14:50  Zealot x9  
  146  14:51  Zealot x3  
  170  15:03  Probe  
  170  15:04  Probe  
  172  15:16  Extended Thermal Lance  
  172  15:17  Warp Prism  
  172  15:19  Colossus  
  174  15:23  Robotics Facility  
  174  15:25  Nexus  
  174  15:26  Assimilator  
  174  15:28  Pylon  
  174  15:32  Assimilator  
  180  15:35  Stalker  
  180  15:36  Pylon x3  
  180  15:38  High Templar x2  
  180  15:40  Pylon, High Templar  
  188  15:45  Pylon  
  188  15:54  High Templar  
  188  15:55  High Templar x5  
  146  16:37  Protoss Shields Level 2  
  116  16:40  Archon x3  
  116  16:41  Archon  
  116  16:43  Stalker x5  
  116  16:44  Stalker x7  
  126  16:47  Colossus  
  119  17:11  High Templar x4  
  119  17:12  High Templar x5  
  132  17:28  Stalker x3  
  132  17:38  Gravitic Boosters  
  130  17:44  Colossus  
  136  17:52  Probe x3  
  139  18:00  Probe  
  139  18:04  Probe  
  141  18:07  Stalker x2  
  145  18:15  Probe  
  145  18:16  High Templar x2  
  145  18:18  High Templar  
  148  18:32  Colossus  
  133  18:49  Stalker x2  
  133  18:50  Stalker  
  133  19:15  High Templar x2  
  137  19:20  Nexus  
  137  19:21  Pylon  
  137  19:33  High Templar x3  
  95  19:56  Stalker x5  
  103  20:18  Zealot x5  
Tags
 
Add a new tag
Caveats
  • Supply blocks, unpowered buildings, or Contaminate may cause inaccurate times.
  • Supply counts are checked every 10 seconds.